Map: King's Cove LE

Players

llllllllllll

  • Race: Zerg Zerg
  • Spawn Location: 5:00

wootwoot - Winner!

  • Race: Protoss Protoss
  • League: Platinum
  • Spawn Location: 11:00

VOD

Have the link to the VOD?

Description

Time

  • Played on: April 1, 2025, 8:14 p.m.
  • Length: 8:20
Show
View Real Time Build Order
Export as new Build Order

llllllllllll Zerg 

Build Orders: Hatch First 

Get SALT Encoding   

  12  0:02  Drone  
  13  0:10  Drone  
  14  0:16  Drone, Extractor  
  15  0:31  Overlord  
  15  0:45  Hatchery  
  14  0:50  Drone  
  14  0:52  Drone  
  14  0:55  Drone  
  17  1:01  Drone  
  18  1:09  Extractor  
  17  1:16  Spawning Pool  
  16  1:24  Drone  
  16  1:25  Drone  
  18  1:34  Drone  
  19  1:48  Drone  
  20  1:56  Overlord  
  20  1:59  Drone  
  21  2:02  Queen  
  21  2:04  Queen  
  21  2:06  Drone  
  26  2:10  Drone  
  27  2:19  Metabolic Boost  
  27  2:24  Drone x2  
  29  2:31  Drone  
  29  2:32  Drone  
  31  2:43  Queen  
  33  2:48  Overlord  
  33  2:53  Hatchery  
  33  2:58  Drone  
  33  2:59  Drone x2  
  33  3:04  Drone  
  36  3:06  Overlord  
  36  3:17  Overlord  
  36  3:18  Drone x3  
  39  3:28  Drone x2  
  39  3:31  Drone  
  42  3:42  Drone, Extractor  
  42  3:43  Drone x3, Extractor  
  42  3:45  Drone x3, Overlord  
  47  3:49  Lair  
  47  3:52  Drone  
  48  3:59  Drone  
  49  4:04  Queen  
  49  4:06  Queen  
  49  4:07  Drone x3  
  56  4:22  Drone x4  
  56  4:23  Drone x4  
  64  4:47  Drone x7  
  64  4:48  Extractor  
  64  4:50  Extractor  
  64  4:51  Hydralisk Den  
  64  4:52  Extractor  
  67  4:53  Overlord  
  67  4:54  Drone  
  67  4:55  Overseer  
  68  5:09  Overlord x4  
  68  5:20  Muscular Augments, Hydralisk  
  68  5:21  Hydralisk x2  
  70  5:24  Overlord x3  
  74  5:30  Hydralisk x5  
  84  5:37  Hatchery  
  84  5:39  Drone, Overlord  
  84  5:40  Drone x4  
  88  5:49  Hydralisk  
  86  5:50  Hydralisk  
  88  5:57  Hydralisk x3  
  95  6:21  Hydralisk  
  95  6:22  Hydralisk x2  
  95  6:24  Overlord x4  
  100  6:28  Grooved Spines  
  100  6:34  Roach Warren  
  99  6:42  Hydralisk x2  
  99  6:43  Hydralisk x3  
  105  6:56  Hatchery  
  104  7:06  Hydralisk x6  
  108  7:15  Roach  
  110  7:16  Roach  
  112  7:23  Overlord x2  
  100  7:49  Hydralisk x2  
  100  7:50  Hydralisk  
Show
View Real Time Build Order
Export as new Build Order

wootwoot Protoss - Winner!

Build Orders: 1 Gate Expand 

Get SALT Encoding   

  12  0:00  Probe  
  13  0:12  Probe  
  14  0:19  Pylon  
  14  0:24  Probe  
  15  0:33  Probe  
  15  0:41  Probe  
  16  0:48  Gateway  
  17  0:51  Assimilator, Probe  
  18  1:03  Probe  
  19  1:15  Probe  
  20  1:29  Nexus  
  20  1:39  Cybernetics Core  
  20  1:45  Assimilator  
  20  1:48  Probe  
  21  1:56  Probe, Pylon  
  22  2:04  Probe  
  22  2:06  Adept  
  23  2:16  Warp Gate, Probe  
  26  2:27  Stargate  
  26  2:30  Probe  
  27  2:37  Probe  
  27  2:43  Probe  
  29  2:45  Probe  
  30  2:54  Probe  
  30  2:55  Probe  
  32  3:07  Void Ray, Probe x2  
  38  3:15  Twilight Council  
  38  3:19  Probe x2  
  40  3:28  Gateway  
  40  3:31  Probe x2  
  42  3:43  Probe x2  
  42  3:46  Charge  
  42  3:48  Pylon  
  44  4:02  Void Ray  
  44  4:05  Gateway  
  44  4:08  Gateway x2  
  48  4:13  Gateway  
  48  4:20  Gateway  
  48  4:24  Gateway  
  48  4:31  Pylon  
  48  4:38  Pylon  
  48  4:45  Zealot  
  50  4:49  Zealot  
  52  5:02  Zealot x2  
  56  5:11  Zealot x2  
  56  5:12  Zealot  
  62  5:17  Void Ray  
  62  5:19  Zealot x3  
  68  5:29  Zealot  
  70  5:36  Pylon x3  
  70  5:55  Zealot x4  
  82  5:57  Void Ray  
  82  5:58  Pylon  
  82  6:20  Zealot x2  
  82  6:21  Zealot x6  
  98  6:26  Gateway  
  98  6:42  Void Ray  
  102  6:52  Pylon x2  
  102  6:54  Pylon  
  94  7:10  Zealot x5  
  94  7:11  Zealot x2  
  108  7:17  Zealot  
  110  7:36  Zealot x3  
  110  7:37  Zealot x4  
  82  7:57  Zealot x6  
  82  8:05  Zealot x2  
  82  8:09  Zealot  
Tags
 
Add a new tag
Caveats
  • Supply blocks, unpowered buildings, or Contaminate may cause inaccurate times.
  • Supply counts are checked every 10 seconds.